AoeStats
← mryendl2410

Arena

509864088Analyzed
4v4 RM · 4d ago on Sep 28, 2026· 58m 18s· 8 players
Game mode
Random Map
Map size
Large (8 player)
Population
200
Speed
Normal
Resources
Standard
Victory
Conquest
Starting age
Dark Age
Ending age
Imperial Age
RankedLock teamsTeams togetherTeam positionsShared explorationLock speedFull tech treeHidden civsTurbo modeCheats
Victory
Defeat
🇨🇴 Sicilians · Colombia
1459
+13
🇻🇳 Spanish · Vietnam
1428
+14
🇨🇿 Inca · Czechia
1428
+14
🇨🇿 Wu · Czechia
1392
+15
🇨🇳 Italians · China
1438
-17
🇹🇼 Persians · Taiwan
1367
-13
🇻🇳 Slavs · Vietnam
1363
-13
🇻🇳 Italians · Vietnam
1350
-13
KEFÍRER
10:47 Feudal Age
10:18 Loom
15:02 Castle Age
14:26 Loom
15:31 Fletching
19:45 Bodkin Arrow
25:37 Wheelbarrow
26:20 Town Watch
28:02 Padded Archer Armor
32:07 Red Cliffs Tactics
32:41 Hand Cart
32:32 Double-Bit Axe
32:49 Horse Collar
35:29 Gold Mining
37:07 Pikeman
37:53 Elite Skirmisher
40:19 Heavy Plow
40:31 Bow Saw
43:42 Imperial Age
43:03 Ballistics
43:49 Elite Fire Archer
45:31 Chemistry
45:20 Conscription
45:45 Gold Shaft Mining
45:00 Stone Mining
45:13 Bracer
45:29 Leather Archer Armor
46:34 Forging
46:29 Scale Barding Armor
46:27 Scale Mail Armor
47:41 Masonry
49:23 Iron Casting
49:03 Chain Mail Armor
50:59 Sitting Tiger
52:47 Architecture
51:57 Treadmill Crane
53:21 Blast Furnace
52:51 Plate Mail Armor
52:23 Caravan
52:53 Coinage
53:28 Two-Man Saw
[LGP] Shiroo
11:32 Feudal Age
10:37 Loom
12:31 Double-Bit Axe
12:26 Horse Collar
14:30 Loom
17:23 Castle Age
18:23 Bow Saw
18:14 Heavy Plow
22:49 Gold Mining
22:55 Stone Mining
31:07 Imperial Age
28:23 Town Watch
28:29 Town Watch
29:20 Wheelbarrow
29:10 Scale Barding Armor
30:21 Chain Barding Armor
30:19 Forging
30:40 Squires
31:09 Hand Cart
31:35 Iron Casting
31:14 Onager
32:13 Scale Mail Armor
32:25 Pikeman
32:38 Siege Onager
33:42 Chain Mail Armor
33:09 Halberdier
35:04 Plate Mail Armor
36:33 Town Patrol
37:31 Gold Shaft Mining
37:58 Blast Furnace
41:04 Arson
41:56 Conscription
43:00 Man-at-Arms
43:55 Gambesons
44:10 Long Swordsman
44:40 Two-Handed Swordsman
45:21 Champion
47:36 Stone Shaft Mining
50:23 Hoardings
54:20 Fletching
nhathuynh.eco
6:23 Loom
8:49 Feudal Age
15:06 Castle Age
14:44 Double-Bit Axe
14:40 Horse Collar
14:51 Gold Mining
14:57 Stone Mining
23:56 Heavy Plow
25:24 Wheelbarrow
25:54 Padded Archer Armor
27:14 Leather Archer Armor
29:13 Hand Cart
28:45 Town Watch
29:12 Bow Saw
30:08 Ballistics
33:11 Imperial Age
30:48 Fletching
31:49 Elite Skirmisher
33:26 Bodkin Arrow
34:25 Ring Archer Armor
35:35 Bracer
36:37 Chemistry
36:15 Elite Conquistador
38:47 Two-Man Saw
37:39 Gold Mining
49:47 Forging
49:43 Scale Barding Armor
51:04 Iron Casting
49:55 Light Cavalry
50:49 Bloodlines
50:57 Hussar
52:32 Chain Barding Armor
54:06 Blast Furnace
57:26 Plate Barding Armor
INghost
11:47 Feudal Age
13:21 Wheelbarrow
12:35 Double-Bit Axe
13:09 Horse Collar
16:37 Castle Age
15:09 Stone Mining
17:44 Bow Saw
18:11 Stone Shaft Mining
18:44 Gold Mining
21:45 Scale Mail Armor
23:39 Forging
25:48 Chain Mail Armor
26:08 Iron Casting
25:37 Arson
30:12 Imperial Age
28:03 Champi Runner
28:51 Champi Warrior
30:28 Gold Shaft Mining
32:07 Blast Furnace
32:23 Elite Champi Warrior
36:05 Plate Mail Armor
37:29 Conscription
39:03 Pikeman
40:07 Squires
41:08 Halberdier
42:23 Fabric Shields
42:56 Loom
43:28 Hand Cart
44:22 Chemistry
43:43 Ballistics
48:33 Siege Engineers
48:42 Masonry
48:13 Treadmill Crane
48:09 Capped Ram
49:08 Heavy Plow
49:40 Siege Ram
51:29 Fortified Wall
chengaopeng044
0:44 Loom
0:44 Loom
10:47 Feudal Age
14:36 Castle Age
12:38 Double-Bit Axe
17:59 Wheelbarrow
18:12 Scale Barding Armor
20:52 Bloodlines
23:10 Town Watch
23:34 Horse Collar
25:48 Forging
26:01 Bow Saw
30:18 Heavy Plow
30:13 Gold Mining
30:34 Fletching
30:58 Stone Mining
30:45 Elite Skirmisher
31:34 Padded Archer Armor
33:41 Bodkin Arrow
35:13 Leather Archer Armor
36:05 Gold Shaft Mining
36:46 Hand Cart
40:34 Imperial Age
38:32 Husbandry
39:52 Iron Casting
40:45 Chain Barding Armor
41:15 Conscription
41:54 Stone Shaft Mining
42:35 Chemistry
41:56 Ballistics
42:31 Kamandaran
44:01 Blast Furnace
43:16 Cavalier
45:38 Two-Man Saw
47:53 Plate Barding Armor
47:55 Ring Archer Armor
48:22 Crossbowman
49:09 Thumb Ring
52:23 Savar
55:00 Crossbowman
55:09 Light Cavalry
QHB挂b户口本1页
11:57 Feudal Age
13:43 Double-Bit Axe
13:42 Horse Collar
16:20 Castle Age
15:06 Fletching
17:37 Bow Saw
18:26 Bodkin Arrow
18:32 Padded Archer Armor
20:58 Ballistics
23:09 Gold Mining
24:39 Wheelbarrow
30:50 Imperial Age
31:22 Leather Archer Armor
31:51 Stone Mining
33:14 Two-Man Saw
32:17 Heavy Plow
32:53 Bracer
33:44 Conscription
35:18 Chemistry
39:11 Elite Genoese Crossbowman
42:00 Ring Archer Armor
41:32 Scale Mail Armor
41:42 Forging
42:11 Fortified Wall
42:12 Masonry
45:36 Elite Skirmisher
47:12 Thumb Ring
mryendl2410
11:58 Feudal Age
12:52 Loom
16:09 Castle Age
13:56 Double-Bit Axe
13:58 Horse Collar
15:07 Gold Mining
21:24 Imperial Age
19:59 Fletching
21:29 Bodkin Arrow
31:42 Bracer
32:26 Wheelbarrow
32:10 Padded Archer Armor
36:58 Chemistry
36:19 Ballistics
37:08 Leather Archer Armor
39:08 Ring Archer Armor
40:38 Scale Mail Armor
41:15 Forging
41:15 Arson
41:30 Squires
42:46 Chain Mail Armor
44:01 Plate Mail Armor
47:14 Iron Casting
46:53 Heavy Plow
47:11 Bow Saw
50:37 Blast Furnace
49:49 Crossbowman
50:39 Thumb Ring
51:28 Arbalester
52:41 Elite Skirmisher
56:09 Town Watch
piecardinap
11:57 Feudal Age
15:28 Castle Age
13:23 Horse Collar
14:56 Double-Bit Axe
19:22 Wheelbarrow
20:43 Gold Mining
22:04 Stone Mining
22:17 Heavy Plow
22:27 Bow Saw
27:25 Imperial Age
27:32 Imperial Age
26:22 Scale Barding Armor
26:30 Bloodlines
26:21 Husbandry
28:02 Bow Saw
28:48 Forging
29:15 Conscription
29:05 Loom
29:13 Loom
31:46 Two-Man Saw
31:20 Detinets
32:00 Hand Cart
32:00 Fletching
32:30 Chain Barding Armor
32:17 Elite Boyar
33:46 Iron Casting
34:28 Plate Barding Armor
37:19 Gold Shaft Mining
37:47 Blast Furnace
38:38 Scale Mail Armor
38:24 Light Cavalry
39:03 Hussar
40:51 Chain Mail Armor
42:28 Plate Mail Armor
55:06 Man-at-Arms
55:56 Druzhina
56:04 Long Swordsman
56:47 Two-Handed Swordsman
Connection lost

Rejoining the realm…

Still unreachable

The connection could not be restored.

Session expired

The server has moved on; the page needs a fresh start.